 Dungeon Crawl Stone Soup version 0.30-a0-210-g01b79a254e (webtiles) character file.

Game seed: 17315582189391219054

154038 freelancePsychic the Warrior (level 17, -1/156 HPs)
             Began as a Yellow Draconian Reaver on Oct 4, 2022.
             Was the Champion of Cheibriados.
             Slain by a naga warrior
             ... wielding a +1 halberd of freezing
              (16 damage)
             ... on level 2 of the Snake Pit.
             The game lasted 00:48:54 (22783 turns).

freelancePsychic the Warrior (DrRe)                Turns: 22783, Time: 00:48:55

Health: -1/156     AC: 18    Str: 32    XL:     17   Next: 5%
Magic:  22/26      EV: 28    Int: 40    God:    Cheibriados [******]
Gold:   1700       SH: 15    Dex: 30    Spells: 11/28 levels left

rFire   + . .      SeeInvis .    i - +6 demon trident of Irghimuxe {flame, Int+3}
rCold   . . .      Faith    .    R - +0 kite shield
rNeg    + + .      Spirit   .    (body armour unavailable)
rPois   +          Reflect  .    N - +2 hat
rElec   .          Harm     .    M - +2 ratskin cloak {*Rats rPois rN+ Str-1 Int-1 Dex+1}
rCorr   +          Rampage  .    D - +2 pair of gloves
Will    +....                    Z - +0 pair of boots
Stlth   ++........               L - amulet of regeneration
HPRegen 1.26/turn                V - ring of poison resistance
MPRegen 0.20/turn                X - ring of the Tempest {rF+ rN+ Str+3 Int+6}

@: slowed, very slow
A: spit acid, AC +9, unfitting armour, acidic bite, cold-blooded, acid
resistance
a: Breathe Acid, Renounce Religion, Bend Time, Temporal Distortion, Slouch, Step
From Time


You were on level 2 of the Snake Pit.
You worshipped Cheibriados.
Cheibriados was exalted by your worship.
You visited 5 branches of the dungeon, and saw 26 of its levels.
You also visited: Sewer, Ossuary and Ice Cave.

You collected 2259 gold pieces.
You spent 559 gold pieces at shops.

Inventory:

Hand Weapons
 i - the +6 demon trident of Irghimuxe (weapon) {flame, Int+3}
   (You acquired it in a sewer)

   It burns those it strikes, dealing additional fire damage.
   Int:       It affects your intelligence (+3).
 S - a +0 demon trident
Missiles
 h - a throwing net
Armour
 k - a +0 tower shield
 D - a +2 pair of gloves (worn)
 M - the +2 ratskin cloak (worn) {*Rats rPois rN+ Str-1 Int-1 Dex+1}
   (You found it on level 7 of the Dungeon)

   When the wearer is hurt, rats may emerge from it to assist them.
   Str:       It affects your strength (-1).
   Int:       It affects your intelligence (-1).
   Dex:       It affects your dexterity (+1).
   rPois:     It protects you from poison.
   rN:        It protects you from negative energy.
 N - a +2 hat (worn)
 R - a +0 kite shield (worn)
 Z - a +0 pair of boots (worn)
Jewellery
 j - the amulet "Techif" {Spirit *Slow rF+ Int+2 Stlth+}
   (You found it on level 5 of the Lair of Beasts)

   [amulet of guardian spirit]

   It causes incoming damage to be divided between your reserves of health and
   magic.
   Int:       It affects your intelligence (+2).
   rF:        It protects you from fire.
   *Slow:     It may slow you when you take damage.
   Stlth:     It makes you more stealthy.
 q - a ring of wizardry
 t - a ring of flight
 x - an amulet of magic regeneration
 y - a +6 ring of dexterity
 L - an amulet of regeneration (around neck)
 O - the ring "Haogon" {Fire *Slow rPois rCorr Dex+5}
   (You took it off a centaur on level 12 of the Dungeon)

   [ring of fire]

   It enhances your fire magic.
   Dex:       It affects your dexterity (+5).
   rF:        It protects you from fire.
   rC:        It makes you vulnerable to cold.
   rPois:     It protects you from poison.
   rCorr:     It protects you from acid and corrosion.
   *Slow:     It may slow you when you take damage.
 V - a ring of poison resistance (left hand)
 X - the ring of the Tempest (right hand) {rF+ rN+ Str+3 Int+6}
   (You found it on level 1 of the Lair of Beasts)

   [ring of intelligence]

   Str:       It affects your strength (+3).
   Int:       It affects your intelligence (+6).
   rF:        It protects you from fire.
   rN:        It protects you from negative energy.
Wands
 g - a wand of charming (10)
 F - a wand of flame (68)
 H - a wand of mindburst (11)
 I - a wand of acid (6)
 K - a wand of digging (4)
 Q - a wand of polymorph (1)
Scrolls
 b - a scroll of summoning
 c - 6 scrolls of teleportation {@r4}
 e - 9 scrolls of blinking
 l - 6 scrolls of poison
 m - a scroll of immolation
 n - 3 scrolls of enchant weapon
 z - 3 scrolls of noise
 B - 2 scrolls of amnesia
 E - 2 scrolls of fear
 G - 2 scrolls of silence
 J - 4 scrolls of vulnerability
 U - 2 scrolls of magic mapping
 W - 3 scrolls of butterflies
 Y - a scroll of enchant armour
Potions
 a - a potion of might
 d - 5 potions of brilliance
 f - 15 potions of curing {@q1}
 o - 8 potions of mutation
 p - 5 potions of degeneration
 r - 2 potions of cancellation
 s - a potion of magic
 u - 2 potions of flight {unknown}
 v - a potion of lignification
 w - 2 potions of berserk rage {unknown}
 A - 4 potions of heal wounds {@q2}
 C - 2 potions of resistance {unknown}
 P - 2 potions of attraction
 T - a potion of invisibility


   Skills:
 - Level 15.0 Fighting
 - Level 14.0 Polearms
 - Level 15.0 Dodging
 - Level 10.0 Shields
 - Level 6.0 Spellcasting
 - Level 3.9 Conjurations
 + Level 9.9 Summonings
 - Level 9.1 Translocations
 + Level 9.5 Invocations


You had 11 spell levels left.
You knew the following spells:

 Your Spells              Type           Power      Damage    Failure   Level
a - Kiss of Death         Conj/Necr      100%       2d13      2%          1
b - Momentum Strike       Conj/Tloc      100%       3d10      1%          2
c - Summon Cactus Giant   Summ           37%        N/A       16%         6
d - Summon Forest         Summ/Tloc      36%        N/A       3%          5
e - Hailstorm             Conj/Ice       27%        3d7       8%          3

Your spell library contained the following spells:

 Spells                   Type           Power      Damage    Failure   Level
 Summon Small Mammal      Summ           100%       N/A       1%          1
 Call Canine Familiar     Summ           75%        N/A       1%          3
 Shock                    Conj/Air       100%       1d9       2%          1
 Summon Guardian Golem    Hex/Summ       51%        N/A       2%          3
 Beastly Appendage        Tmut           24%        N/A       6%          1
 Necrotise                Necr           48%        1d6       6%          1
 Sandblast                Erth           24%        2d8       6%          1
 Dazzling Flash           Conj/Hex       54%        N/A       8%          3
 Stone Arrow              Conj/Erth      54%        3d10      8%          3
 Summon Lightning Spire   Summ/Air       51%        N/A       8%          4
 Passwall                 Tmut/Erth      10%        N/A       9%          2
 Sublimation of Blood     Necr           12%        N/A       9%          2
 Wereblood                Tmut           12%        N/A       9%          2
 Ignite Poison            Fire/Tmut/Pois 12%        N/A       17%         3
 Ozocubu's Armour         Ice            12%        N/A       17%         3
 Spider Form              Tmut/Pois      12%        N/A       17%         3
 Swiftness                Air            12%        N/A       17%         3
 Vampiric Draining        Necr           12%        2d6       17%         3
 Summon Mana Viper        Hex/Summ       51%        N/A       22%         5
 Sticky Flame             Conj/Fire      27%        2d5       26%         4
 Iskenderun's Battlesphe  Conj           43%        2d9       32%         5
 Airstrike                Air            6%         2d(1-17)  50%         4
 Leda's Liquefaction      Hex/Erth       6%         N/A       50%         4
 Fireball                 Conj/Fire      13%        3d7       58%         5
 Lightning Bolt           Conj/Air       13%        1d27      58%         5
 Summon Hydra             Summ           37%        N/A       63%         7
 Agony                    Necr           12%        N/A       85%         5
 Lee's Rapid Deconstruct  Erth           6%         3d7*      85%         5
 Silence                  Hex/Air        6%         N/A       85%         5
 Conjure Ball Lightning   Conj/Air       13%        3x3d6     99%         6
 Statue Form              Tmut/Erth      8%         N/A       100%        6
 Orb of Destruction       Conj           21%        9d8       100%        7
 Ozocubu's Refrigeration  Ice            6%         4d8       100%        7
 Ignition                 Fire           6%         3d4       100%        8


Dungeon Overview and Level Annotations

Branches:
Dungeon (15/15)            Temple (1/1) D:6            Lair (5/5) D:11
  Swamp (0/4) Lair:2        Snake (3/4) Lair:3        Slime (0/5) Lair:4
    Orc (2/2) D:10            Elf (0/3) Orc:2        Vaults (0/5) D:13
 Depths (0/4) D:15          Sewer (visited)         Ossuary (visited)
  IceCv (visited)

Altars:
Ashenzari
Cheibriados
Dithmenos
Elyvilon
Fedhas
Gozag
Hepliaklqana
Kikubaaqudgha
Makhleb
Nemelex Xobeh
Okawaru
Qazlal
Ru
Sif Muna
Trog
Uskayaw
Vehumet
Wu Jian
Xom
Yredelemnul
Zin
Jiyva

Shops:
D:6 !   D:7 [   D:10 (   Orc:2 (**[

Annotations:
D:2 Sigmund


Innate Abilities, Weirdness & Mutations

You can spit globs of acid.
Your golden yellow scales are hard. (AC +9)
You cannot fit into any form of body armour.
You have acidic saliva.
You are cold-blooded and may be slowed by cold attacks.
You are resistant to acid. (rCorr)


Message History

You stick the black mamba like a pincushion!!!
You burn the black mamba!
You kill the black mamba!
Cheibriados thoroughly appreciates the change of pace.
You block the naga warrior's attack.
The salamander throws a stone.
The stone hits your cactus giant!
The naga warrior no longer looks unusually strong.
The naga warrior hits you with a +1 halberd of freezing!
The naga warrior freezes you.
* * * LOW HITPOINT WARNING * * *
The naga warrior misses you.
The salamander is struck by your cactus giant's spines.
The salamander hits your cactus giant with a +0 trident!!
Your cactus giant is engulfed in flames!
Your cactus giant hits the salamander with a +0 giant spiked club!!
The salamander dies!
Cheibriados appreciates the change of pace.
The naga warrior completely misses you. You block the naga warrior's attack.
The black mamba is struck by your cactus giant's spines.
The black mamba bites your cactus giant!!
The naga warrior roars a battlecry!
The naga warrior goes into a battle-frenzy!
You block the naga warrior's attack. The naga warrior completely misses you.
You see here a black mamba corpse.
You closely miss the naga warrior.
You bite the naga warrior, but do no damage.
The black mamba is struck by your cactus giant's spines.
The black mamba dies!
Cheibriados thoroughly appreciates the change of pace.
You block the naga warrior's attack. The naga warrior completely misses you.
You swap places.
You have got your breath back.
You block the naga warrior's attack.
Your cactus giant hits the naga warrior with a +0 giant spiked club!
You block the naga warrior's attack.
The naga warrior hits you from afar with a +1 halberd of freezing!!
* * * LOW HITPOINT WARNING * * *
A hell rat scurries out from under your cloak.
The naga warrior freezes you!
You die...

#.# ###### ########## #.#
#..... #........# #.# #.####
#........# #.# #.####
#........# #.# #.##..
#........####.###.##}#
#.....................
##########[####.###....#
#...NNC@Nr..............
#.##########.......#####
######## #.# #...<...# #
#......###.##########.......#
#..^(..##..........##.......#
#......##).........##.......#
#......##..........##.......#
#......##))........##.......#
#..........)....#####.......#


You could see 2 naga warriors, a naga (strong), a friendly cactus giant
(summoned) and a friendly hell rat.

Vanquished Creatures
  A nagaraja (Snake:2)
  Azrael (D:15)
  An ettin (D:15)
  Snorg (D:14)
  Josephine (D:10)
  2 ogre magi
  A catoblepas (Lair:4)
  Fannar (D:10)
  4 vault guards (D:13)
  3 hydras
  4 centaur warriors
  Erica (D:11)
  17 two-headed ogres
  4 boulder beetles
  4 naga warriors
  7 anacondas
  25 death yaks
  Urug (D:10)
  A naga sharpshooter (Snake:3)
  A hell knight (D:15)
  Sonja (D:10)
  A deep elf knight (D:13)
  4 shock serpents
  5 salamander mystics
  5 skeletal warriors (D:15)
  3 goliath frogs (Lair:5)
  3 deep trolls
  A bog body (IceCv)
  A deep elf archer (D:13)
  An orc knight (D:13)
  3 naga ritualists
  6 mana vipers
  2 deep elf pyromancers (D:14)
  2 lindwurms (Lair:5)
  A necromancer (IceCv)
  2 wizards (D:15)
  7 cyclopes
  An orc sorcerer (D:13)
  7 ugly things
  12 salamanders
  2 manticores
  5 centaur zombies (D:11)
  A nameless horror (Snake:3)
  2 ice statues (IceCv)
  2 gargoyles (D:12)
  2 guardian serpents (Snake:2)
  24 black mambas
  8 elephants
  5 naga magi
  5 torpor snails
  3 kobold demonologists (D:11)
  10 komodo dragons
  A tengu conjurer (D:13)
  22 cane toads
  2 anaconda simulacra (IceCv)
  A rime drake (Lair:5)
  3 ice devils (IceCv)
  2 freezing wraiths
  A polar bear (Lair:4)
  A hornet (D:9)
  10 trolls
  Grinder (D:3)
  21 blink frogs
  2 tyrant leeches (Lair:5)
  3 slime creatures
  A centaur simulacrum (D:15)
  A shadow (D:13)
  21 yaks
  2 vampires
  A wyvern (D:10)
  7 wraiths
  4 dire elephant simulacra (IceCv)
  2 humans
  A steam dragon (D:8)
  4 basilisks
  Eustachio (D:4)
  A fire elemental (D:15)
  A golden eye (shapeshifter) (D:14)
  A death yak simulacrum (IceCv)
  13 vampire mosquitoes
  2 acid dragons (D:11)
  2 wargs
  A harpy simulacrum (IceCv)
  3 hydra simulacra (IceCv)
  21 nagas
  11 water moccasins
  4 hell hounds (D:15)
  Duvessa (D:5)
  Pargi (Sewer)
  10 orc warriors
  A meliai simulacrum (D:14)
  A black bear (Lair:2)
  5 ice beasts
  18 ogres
  9 wolves (Lair:5)
  20 centaurs
  2 phantoms
  3 kobold brigands
  15 bullfrogs
  2 necrophages (D:6)
  3 gnoll sergeants
  A cane toad simulacrum (IceCv)
  3 scorpions
  A two-headed ogre simulacrum (IceCv)
  18 killer bees
  5 howler monkeys
  4 hounds
  21 jellies
  13 orc priests
  2 boggart zombies (D:11)
  4 iguanas
  Ijyb (D:5)
  Natasha (twice) (D:4)
  9 orc wizards
  18 hell rats
  2 spriggan simulacra (IceCv)
  A wolf simulacrum (IceCv)
  3 mummies (Ossuary)
  A howler monkey zombie (D:11)
  17 gnolls
  10 adders
  15 river rats (D:7)
  A shadow imp (D:5)
  2 white imps
  An ufetubus (D:5)
  A worm (D:3)
  43 orcs
  6 ball pythons
  4 bats
  15 endoplasms
  3 giant cockroaches
  8 goblins
  2 hobgoblins
  4 jackals (D:2)
  19 kobolds
  5 quokkas
  5 frilled lizards
  3 goblin zombies (Ossuary)
  2 hobgoblin zombies (Ossuary)
  5 kobold zombies (Ossuary)
  7 rats
  A butterfly (Lair:5)
772 creatures vanquished.

Vanquished Creatures (collateral kills)
  Aizul (Snake:3)
  Nessos (D:14)
  An anaconda (Snake:1)
  A two-headed ogre (Orc:2)
  A death yak (Lair:4)
  2 naga warriors (Snake:3)
  2 salamander mystics (Snake:3)
  A deep troll (D:15)
  A naga ritualist (Snake:2)
  A deep elf pyromancer (D:13)
  A wizard (D:13)
  A mana viper (Snake:1)
  A salamander (Snake:2)
  2 ugly things
  A cyclops (Orc:2)
  3 black mambas (Snake:2)
  A naga mage (Snake:3)
  An unseen horror (D:12)
  2 cane toads (Lair:5)
  An efreet (D:14)
  2 trolls (Orc:2)
  2 yaks
  2 wraiths
  5 nagas
  A water moccasin (Lair:5)
  A hell hound (D:15)
  2 orc warriors (Orc:2)
  6 ogres (Orc:2)
  A boggart (D:15)
  4 centaurs (D:13)
  A killer bee (D:8)
  A howler monkey (D:12)
  An orc priest (Orc:2)
  5 orc wizards
  13 orcs
  A butterfly (Lair:5)
74 creatures vanquished.

Vanquished Creatures (others)
  An ogre mage (Orc:2)
  A black bear (D:6)
  2 boggarts (D:15)
  Dowan (D:5)
  A gnoll (D:2)
  2 adders (D:3)
  A river rat (D:3)
  An orc (D:3)
  A giant cockroach (D:2)
  2 goblins
  A kobold (D:10)
  2 rats (D:2)
  31 fungi
  79 plants
  15 snaplasher vines
  2 withered plants (D:11)
143 creatures vanquished.

Grand Total: 989 creatures vanquished

Notes
Turn   | Place    | Note
-------+----------+-------------------------------------------
     0 | D:1      | freelancePsychic the Draconian Reaver began the quest for
                  | the Orb.
     0 | D:1      | Reached XP level 1. HP: 17/17 MP: 3/3
   323 | D:1      | Reached skill level 1 in Translocations
   414 | D:1      | Found a faded altar of an unknown god.
   495 | D:1      | Reached XP level 2. HP: 24/24 MP: 5/5
   554 | D:1      | Learned a level 2 spell: Momentum Strike
  1289 | D:2      | Noticed Sigmund
  1413 | D:2      | Reached XP level 3. HP: 14/29 MP: 4/6
  1862 | D:2      | You fall into a shaft and drop 1 floor!
  2103 | D:3      | Reached XP level 4. HP: 19/37 MP: 7/7
  2225 | D:3      | Found a glowing drain.
  2229 | Sewer    | Entered a sewer
  2388 | Sewer    | Noticed Pargi
  2398 | Sewer    | Killed Pargi
  2399 | Sewer    | Reached XP level 5. HP: 30/46 MP: 4/8
  2517 | Sewer    | Identified a scroll of acquirement
  2517 | Sewer    | Acquired the +6 demon trident of Irghimuxe {flame, Int+3}
  2819 | D:3      | Noticed Grinder
  2824 | D:3      | Killed Grinder
  2825 | D:3      | Reached skill level 5 in Polearms
  2825 | D:3      | Reached XP level 6. HP: 46/53 MP: 6/9
  3222 | D:4      | Learned a level 3 spell: Hailstorm
  3272 | D:4      | Found a sand-covered staircase.
  3282 | Ossuary  | Entered an ossuary
  3282 | Ossuary  | Noticed a wraith
  3282 | Ossuary  | Noticed a wraith
  3282 | Ossuary  | Noticed a wraith
  3383 | Ossuary  | Noticed a wraith
  3387 | Ossuary  | Killed a wraith
  3727 | D:4      | Your scales start taking on a golden yellow colour.
  3727 | D:4      | Reached XP level 7. HP: 60/60 MP: 10/10
  3727 | D:4      | Gained mutation: You are resistant to acid. (rCorr) [Yellow
                  | Draconian growth]
  3789 | D:4      | Reached skill level 5 in Fighting
  4049 | D:4      | Noticed Eustachio
  4056 | D:4      | Killed Eustachio
  4106 | D:4      | Noticed Natasha
  4110 | D:4      | Killed Natasha
  4423 | D:4      | Noticed Natasha
  4430 | D:4      | Killed Natasha
  4458 | D:5      | Entered Level 5 of the Dungeon
  4511 | D:5      | Noticed Ijyb
  4522 | D:5      | Killed Ijyb
  4597 | D:5      | Reached XP level 8. HP: 58/70 MP: 11/11
  4949 | D:5      | Noticed Dowan
  5073 | D:5      | Noticed Duvessa
  5232 | D:6      | Found Takhurcho's Distillery.
  5368 | D:6      | Found a staircase to the Ecumenical Temple.
  5379 | Temple   | Entered the Ecumenical Temple
  5438 | Temple   | Became a worshipper of Cheibriados the Contemplative
  6031 | D:5      | Killed Duvessa
  6032 | D:5      | Reached XP level 9. HP: 73/79 MP: 9/12
  6047 | D:5      | Killed Dowan
  6400 | D:7      | Reached * piety under Cheibriados
  6476 | D:7      | Found the +2 ratskin cloak {*Rats rPois rN+ Str-1 Int-1
                  | Dex+1}
  6651 | D:7      | Reached skill level 10 in Polearms
  6743 | D:7      | Found Heem Van's Antique Armour Shoppe.
  6746 | D:7      | Reached ** piety under Cheibriados
  6758 | D:7      | Bought an embroidered hat for 196 gold pieces
  7298 | D:7      | Found a shadowy altar of Dithmenos.
  7683 | D:8      | Reached XP level 10. HP: 90/90 MP: 13/13
  7689 | D:8      | Reached *** piety under Cheibriados
  8070 | D:9      | Noticed a two-headed ogre
  8082 | D:9      | Killed a two-headed ogre
  8083 | D:9      | Reached skill level 5 in Dodging
  8449 | D:9      | Noticed a two-headed ogre
  8452 | D:9      | Killed a two-headed ogre
  8684 | D:10     | Entered Level 10 of the Dungeon
  8684 | D:10     | Noticed Sonja
  8686 | D:10     | Killed Sonja
  8687 | D:10     | Reached skill level 10 in Fighting
  8701 | D:10     | Reached **** piety under Cheibriados
  8735 | D:10     | Identified the +3 sling of the Mashing Moth {flame, rElec
                  | rPois rF+++ Will- Int-3}
  8814 | D:10     | Reached XP level 11. HP: 99/99 MP: 14/14
  8977 | D:10     | Found a staircase to the Orcish Mines.
  8991 | D:10     | Reached skill level 1 in Shields
  9059 | D:10     | Reached ***** piety under Cheibriados
  9255 | D:10     | Noticed Josephine
  9259 | D:10     | Noticed Urug
  9272 | D:10     | Killed Josephine
  9277 | D:10     | Killed Urug
  9400 | D:10     | Found Fomys's Weapon Shop.
  9509 | D:11     | Noticed a two-headed ogre
  9510 | D:11     | Noticed Fannar
  9515 | D:11     | Killed a two-headed ogre
  9530 | D:10     | Killed Fannar
  9572 | D:11     | Found a staircase to the Lair.
  9777 | D:11     | Reached skill level 5 in Shields
  9782 | D:11     | Noticed Erica
  9820 | D:11     | Killed Erica
  9902 | D:11     | Reached XP level 12. HP: 99/106 MP: 15/15
  9945 | D:11     | Found the +7 Spriggan's Knife {stab, EV+4 Stlth+}
 10271 | Lair:1   | Entered Level 1 of the Lair of Beasts
 10355 | Lair:1   | Reached skill level 1 in Invocations
 10371 | Lair:1   | Found a snail-covered altar of Cheibriados.
 10469 | Lair:1   | Identified the ring of the Tempest {rF+ rN+ Str+3 Int+6}
 10975 | Lair:1   | Reached ****** piety under Cheibriados
 11194 | Lair:2   | Found a staircase to the Swamp.
 11326 | Lair:2   | Reached skill level 5 in Invocations
 11604 | Lair:2   | Noticed a four-headed hydra
 11611 | Lair:2   | Killed a four-headed hydra
 12085 | Lair:3   | Found a staircase to the Snake Pit.
 12151 | Lair:3   | Reached skill level 10 in Shields
 12260 | Lair:3   | Reached XP level 13. HP: 113/113 MP: 18/18
 12817 | Lair:4   | Reached skill level 1 in Summonings
 12841 | Lair:4   | Found a frozen archway.
 12850 | IceCv    | Entered an ice cave
 13262 | IceCv    | Learned a level 5 spell: Summon Forest
 13315 | Lair:4   | Found a viscous altar of Jiyva.
 13316 | Lair:4   | Found a staircase to the Slime Pits.
 13554 | Lair:4   | Reached skill level 5 in Translocations
 13714 | Lair:4   | Reached skill level 5 in Summonings
 14474 | Lair:5   | Entered Level 5 of the Lair of Beasts
 14656 | Lair:4   | Gained mutation: You have acidic saliva. [Yellow Draconian
                  | growth]
 14656 | Lair:4   | Reached XP level 14. HP: 73/126 MP: 16/20
 15349 | Lair:5   | Identified the amulet "Techif" {Spirit *Slow rF+ Int+2
                  | Stlth+}
 16180 | D:12     | Identified the +4 hand axe of Suysch {freeze, Int+4 Dex+5
                  | SInv Stlth-}
 16251 | D:12     | Identified the ring "Haogon" {Fire *Slow rPois rCorr Dex+5}
 16679 | D:13     | Reached skill level 5 in Spellcasting
 16685 | D:13     | Reached XP level 15. HP: 76/132 MP: 17/22
 17215 | D:13     | Reached skill level 10 in Dodging
 17383 | D:13     | Found a gate to the Vaults.
 17782 | D:14     | Noticed Nessos
 17789 | D:14     | Killed Nessos
 18005 | D:14     | Noticed Snorg
 18017 | D:14     | Killed Snorg
 18287 | D:15     | Entered Level 15 of the Dungeon
 18439 | D:15     | Found a staircase to the Depths.
 18957 | D:15     | Noticed Azrael
 18975 | D:15     | Killed Azrael
 19012 | D:15     | Found a shimmering blue altar of Sif Muna.
 19432 | Orc:1    | Entered Level 1 of the Orcish Mines
 19646 | Orc:2    | Entered Level 2 of the Orcish Mines
 19657 | Orc:2    | Found a staircase to the Elven Halls.
 19771 | Orc:2    | Reached XP level 16. HP: 87/147 MP: 19/25
 19836 | Orc:2    | Reached skill level 15 in Fighting
 19843 | Orc:2    | Found Xuacvoucs's Assorted Antiques.
 19843 | Orc:2    | Found Unaopiro's Antique Armour Shop.
 19915 | Orc:2    | Found Pocipsad's General Store.
 19924 | Orc:2    | Found Mamal's Antique Weapon Boutique.
 20356 | D:6      | Bought a potion of curing for 33 gold pieces
 20356 | D:6      | Bought a potion of curing for 33 gold pieces
 20356 | D:6      | Bought a potion of cancellation for 88 gold pieces
 20356 | D:6      | Bought a potion of cancellation for 88 gold pieces
 20356 | D:6      | Bought a potion of attraction for 33 gold pieces
 20356 | D:6      | Bought a potion of mutation for 88 gold pieces
 20492 | Snake:1  | Entered Level 1 of the Snake Pit
 22017 | Snake:3  | Reached skill level 15 in Dodging
 22232 | Snake:3  | Learned a level 6 spell: Summon Cactus Giant
 22402 | Snake:3  | Noticed Aizul
 22569 | Snake:3  | Killed Aizul
 22660 | Snake:3  | Reached XP level 17. HP: 149/156 MP: 20/26
 22783 | Snake:2  | Slain by a naga warrior

Illustrated notes

Levels and vault maps discovered:
D:1:      dpeg_arrival_water_fire, layout_basic,
          hellmonk_ecumenical_altar_defaced_shrine
D:2:      layout_basic, uniq_crazy_yiuf_cottage, uniq_sigmund
D:3:      layout_basic, gup_sewer_entry_spiral, uniq_grinder
D:4:      nicolae_cairo_tiling_large_dashed, layout_gridville,
          lightli_ossuary_entry_decrepit_ruins, uniq_eustachio, uniq_natasha
D:5:      layout_basic, hangedman_decor_riveting, small_statue_alley_b,
          uniq_ijyb, uniq_duvessa
D:6:      layout_loops_cross, temple_green, serial_shops,
          nicolae_shop_competitors_out_of_business, chequers_jeans,
          kennysheep_generic_room_6
D:7:      wander_guarded_unrand_ratskin, layout_basic,
          nicolae_overflow_hidden_temple, serial_shops, nicolae_diamond_shop,
          kennysheep_flooded_box
D:8:      layout_loops_ring, minivault_19
D:9:      layout_loops_ring
D:10:     layout_stronghold, erik_orc_4, serial_shops, nicolae_stop_n_shop_2,
          uniq_josephine, uniq_urug, uniq_sonja
D:11:     layout_roguey, lair_entry_dummy, serial_undead, serial_undead_c,
          serial_undead_a, serial_undead_b, serial_undead_b, uniq_fannar,
          uniq_erica
D:12:     layout_roguey
D:13:     layout_rooms, grunt_vaults_entry_fortified
D:14:     layout_rooms, roderic_serpentine_path, statue_in_the_mist_lemuel,
          uniq_snorg, uniq_nessos
D:15:     hangedman_depths_entry_civil_slaughter, layout_loops_ring,
          hangedman_decor_clover_reticule, tgw_sif, uniq_azrael
Temple:   compressed_dpeg_triangle_lava_temple
Lair:1:   lemuel_slime, layout_gridlike, minivault_24, kennysheep_snail_temple
Lair:2:   layout_layer_cave, minmay_swamp_entry_reptiles, serial_bayou_shore_b,
          grunt_megastairs_3
Lair:3:   layout_gridlike, guppyfry_snake_entry_garden
Lair:4:   layout_layer_cave, minmay_slime_entry_jelly_boxes,
          portal_ice_cave_entry_pillars_1
Lair:5:   minmay_lair_end_frog_pond, layout_hall_layers, nicolae_lair_lindhole,
          lemuel_fruit_fields
Snake:1:  layout_grid_shapes
Snake:2:  layout_basic, grunt_megastairs_5, serial_bayou_shore_b
Snake:3:  layout_grid_shapes, uniq_aizul
Orc:1:    layout_diamond_mine, serial_shops, nicolae_shop_stone
Orc:2:    st_orc_open, layout_caves

Skill      XL: |  1  2  3  4  5  6  7  8  9 10 11 12 13 14 15 16 |
---------------+-------------------------------------------------+-----
Translocations | 1 2 6 9 |  9.1
Fighting       | 3 4 6 7 8 10 12 14 15 | 15.0
Polearms       | 4 5 7 9 11 12 14 | 14.0
Dodging        | 2 4 6 8 9 12 15 | 15.0
Shields        | 6 10 | 10.0
Invocations    | 7 8 9 |  9.5
Summonings     | 6 8 9 |  9.9
Spellcasting   | 5 6 |  6.0
Conjurations   | |  3.9

Action                   |  1- 3 |  4- 6 |  7- 9 | 10-12 | 13-15 | 16-18 || total
-------------------------+-------+-------+-------+-------+-------+-------++-------
Melee: Spear             |   141 |       |       |       |       |       ||   141
       Tailslap          |    10 |     5 |    20 |    78 |   196 |    68 ||   377
       Trident           |    29 |    40 |       |       |       |       ||    69
       Punch             |     1 |     2 |     4 |     2 |       |       ||     9
       Demon trident     |       |    55 |   236 |   544 |  1021 |   434 ||  2290
       Bite              |       |       |       |       |   105 |    57 ||   162
Throw: Dart              |       |     1 |       |       |       |       ||     1
       Throwing net      |       |     1 |       |       |       |       ||     1
 Cast: Momentum Strike   |    17 |     5 |     5 |     4 |     1 |       ||    32
       Kiss of Death     |     1 |     1 |       |     1 |     1 |       ||     4
       Hailstorm         |       |       |     5 |     6 |       |       ||    11
       Summon Forest     |       |       |       |       |    23 |    12 ||    35
       Summon Cactus Gia |       |       |       |       |       |     7 ||     7
Invok: Slouch            |       |       |       |       |     4 |       ||     4
 Abil: Breathe Acid      |       |       |    11 |     5 |    17 |     2 ||    35
Evoke: Wand              |       |       |       |     2 |       |       ||     2
  Use: Scroll            |     4 |     6 |       |    10 |    11 |     5 ||    36
       Potion            |       |       |       |       |       |     2 ||     2
 Stab: Sleeping          |     1 |     2 |     4 |     4 |    12 |     2 ||    25
       Distracted        |       |       |       |     5 |    14 |     4 ||    23
Armor: Skin              |    32 |    26 |    47 |    88 |   134 |    47 ||   374
Dodge: Dodged            |    87 |    39 |    93 |   247 |   515 |   287 ||  1268
Block: Kite shield       |       |       |       |   219 |   651 |   295 ||  1165

Table legend: (Time is in decaauts)
 A = Elapsed time spent in this place.
 B = Non-inter-level travel time spent in this place.
 C = Inter-level travel time spent in this place.
 D = Time resting spent in this place.
 E = Time spent auto-exploring this place.
 F = Levels seen in this place.
 G = Mean time per level.
                   A        B        C        D        E       F      G
               +--------+--------+--------+--------+--------+-----+--------+
         Total |  33012 |  31061 |   1951 |    443 |  24982 |  29 | 1138.3 |
       Dungeon |  17931 |  16656 |   1275 |    209 |  13458 |  15 | 1195.4 |
        Temple |     65 |     60 |      5 |      0 |      0 |   1 |   65.0 |
          Lair |   8896 |   8495 |    401 |    143 |   7103 |   5 | 1779.2 |
     Snake Pit |   3358 |   3206 |    152 |     60 |   2450 |   3 | 1119.3 |
  Orcish Mines |   1422 |   1306 |    116 |      0 |   1052 |   2 |  711.0 |
         Sewer |    304 |    304 |      0 |      0 |    238 |   1 |  304.0 |
       Ossuary |    405 |    405 |      0 |      0 |    305 |   1 |  405.0 |
      Ice Cave |    628 |    628 |      0 |     31 |    376 |   1 |  628.0 |
               +--------+--------+--------+--------+--------+-----+--------+

Top non-repeatable levels by time:
  Lair:4: 2544 daAuts
  Lair:1: 1747 daAuts
 Snake:2: 1725 daAuts
  Lair:5: 1670 daAuts
    D:15: 1663 daAuts
    D:13: 1629 daAuts
     D:7: 1553 daAuts
  Lair:2: 1517 daAuts
  Lair:3: 1416 daAuts
    D:10: 1388 daAuts
    D:12: 1372 daAuts
    D:14: 1232 daAuts
    D:11: 1200 daAuts
     D:1: 1177 daAuts
     D:6: 1159 daAuts
